 Dungeon Crawl Stone Soup version 0.27.0-65-ge2af304b15 (console) character file.

Game seed: 8525948310818210419

646 Banquo the Slasher (level 7, 0/52 HPs)
             Began as a Djinni Warper on Aug 18, 2021.
             Slain by Duvessa (13 damage)
             ... on level 4 of the Dungeon.
             The game lasted 00:16:51 (5016 turns).

Banquo the Slasher (Djinni Warper)                  Turns: 5016, Time: 00:16:52

Health: 0/52       AC:  3    Str: 16    XL:     7   Next: 82%
Gold:   139        EV: 12    Int: 17    God:
                   SH:  0    Dex: 12

rFire    + + .     SeeInvis .   s - +0 long sword
rCold    x . .     Faith    .   (no shield)
rNeg     . . .     Spirit   .   b - +0 leather armour
rPois    ∞         Reflect  .   (no helmet)
rElec    .         Harm     .   (no cloak)
rCorr    .         Rampage  .   (no gloves)
Will     .....                  (boots unavailable)
Stlth    +.........             k - amulet of regeneration
HPRegen  1.17/turn              e - +6 ring of strength
MPRegen  0.00/turn              n - ring of wizardry

@: wereblooded, flying
A: sickness immunity, fire resistance 2, cold vulnerability 1, float, innate
caster, hp casting, extra vitality 1
a: no special abilities


You were on level 4 of the Dungeon.
You visited 1 branch of the dungeon, and saw 4 of its levels.
You also visited: Sewer.

You collected 139 gold pieces.

Inventory:

Hand Weapons
 a - a +0 falchion
 s - a +0 long sword (weapon)
 t - a +0 spear
 v - a +2 short sword of venom
Missiles
 d - 5 boomerangs of dispersal (quivered)
 i - 32 stones
 m - 24 poisoned darts
 w - 5 boomerangs
Armour
 b - a +0 leather armour (worn)
Magical Staves
 x - a staff of poison
 y - a staff of earth
Jewellery
 e - a +6 ring of strength (left hand)
 k - an amulet of regeneration (around neck)
 n - a ring of wizardry (right hand)
 p - a ring of magical power
 u - a +6 ring of dexterity
Scrolls
 c - a scroll of blinking
 j - 2 scrolls of noise {unknown}
 o - a scroll of acquirement {unknown}
 r - a scroll of enchant armour {unknown}
Potions
 f - 2 potions of heal wounds {unknown}
 g - a potion of brilliance {unknown}
 h - a potion of cancellation {unknown}
 l - a potion of curing {unknown}
 q - a potion of berserk rage {unknown}
 z - a potion of might {unknown}


   Skills:
 * Level 4.0 Fighting
 * Level 5.7 Long Blades
 - Level 0.7 Throwing
 - Level 1.0 Armour
 - Level 2.1 Dodging
 * Level 3.7 Spellcasting


You couldn't memorise any spells.
You knew the following spells:

 Your Spells              Type           Power      Damage    Failure   Level
a - Sandblast             Erth           32%        2d9       1%          1
b - Blink                 Tloc           N/A        N/A       2%          2
c - Gell's Gravitas       Tloc           8%         N/A       5%          3
d - Teleport Other        Tloc           16%        N/A       5%          3
e - Manifold Assault      Tloc           16%        N/A       41%         5
f - Lesser Beckoning      Tloc           8%         N/A       5%          3
g - Wereblood             Tmut           16%        N/A       2%          2
i - Call Imp              Summ           16%        N/A       2%          2
Your spell library was empty.

Dungeon Overview and Level Annotations

Branches:
Dungeon (4/15)              Sewer (visited)
 Temple: D:4-7

Altars:

Shops:
D:1 *

Annotations:
D:4 Dowan, Duvessa, Ijyb


Innate Abilities, Weirdness & Mutations

You are immune to sickness and miasma.
You are immune to poison.
Your flesh is very heat resistant. (rF++)
You are vulnerable to cold. (rC-)
You float through the air rather than walking.
You learn spells naturally, not from books.
Your magical power is your life essence.
You have superior vitality. (+4 HP)


Message History

The water moccasin skeleton bites you. Duvessa hits you with a +0 short sword!
Your magical contamination has completely faded away.
Unknown command.
Casting: Wereblood (safe; 2% risk of failure)
Confirm with . or Enter, or press ? or * to list all spells.
Aiming: Sandblast (safe; 1% risk of failure)
Press: ? - help, Shift-Dir - straight line, f - Duvessa
Aim: Duvessa, wielding a +0 short sword and wearing a +0 leather armour (severely wounded, ally target, 82% to hit)
The blast of sand hits Duvessa.
Duvessa is severely wounded.
i - 34 stones The water moccasin skeleton bites you.
Duvessa closely misses you.
You riposte.
You closely miss Duvessa.
Duvessa is severely wounded.
Dowan misses you.
Casting: Sandblast (safe; 1% risk of failure)
Confirm with . or Enter, or press ? or * to list all spells.
Aiming: Sandblast (safe; 1% risk of failure)
Press: ? - help, Shift-Dir - straight line, f/p - Duvessa
Aim: Duvessa, wielding a +0 short sword and wearing a +0 leather armour (severely wounded, ally target, 82% to hit)
The blast of sand hits Duvessa.
Duvessa is almost dead.
i - 33 stones The water moccasin skeleton closely misses you.
Dowan hits you with a +0 dagger. Duvessa hits you with a +0 short sword.
* * * LOW HITPOINT WARNING * * *
Your crimson imp hits Duvessa but does no damage.
Unknown command.
Casting: Sandblast (safe; 1% risk of failure)
Confirm with . or Enter, or press ? or * to list all spells.
Aiming: Sandblast (safe; 1% risk of failure)
Press: ? - help, Shift-Dir - straight line, f/p - Duvessa
Aim: Duvessa, wielding a +0 short sword and wearing a +0 leather armour (almost dead, ally target, 82% to hit)
The blast of sand hits Duvessa but does no damage.
Duvessa is almost dead.
i - 32 stones
* * * LOW HITPOINT WARNING * * *
The water moccasin skeleton barely misses you.
Dowan closely misses you. Duvessa hits you with a +0 short sword!
You die...

#.# #.#..# #
##...###....# ..#
...........## ##.#
#.........†.##...#
..............#.#
####....##...##.#
#...#.##...)#.#
#.....#....#..Z.####
.>...e...#.#..e@...#
....####...#..e5...#
.#.# ..###.......#
g. . ## #.####### ..
#.# #.# #.# ..# ###


You could see Duvessa (ally target), Dowan, a water moccasin skeleton and a
friendly crimson imp (summoned).

Vanquished Creatures
  A water moccasin skeleton (D:3)
  A howler monkey (D:3)
  An orc priest (D:3)
  3 hounds (D:3)
  A river rat (D:3)
  6 adders
  11 gnolls (D:3)
  A shadow imp (D:3)
  3 worms
  5 dart slugs
  21 orcs (D:3)
  7 ball pythons
  3 endoplasms
  3 giant cockroaches
  7 goblins
  9 hobgoblins
  15 jackals
  6 kobolds
  4 quokkas
  4 frilled lizards
  10 rats
122 creatures vanquished.

Vanquished Creatures (collateral kills)
  A black bear (D:3)
  An ogre (D:3)
  6 gnolls (D:3)
  An orc (D:3)
  A goblin (D:4)
  A jackal (D:4)
11 creatures vanquished.

Vanquished Creatures (others)
  A plant (D:3)
1 creature vanquished.

Grand Total: 134 creatures vanquished

Notes
Turn   | Place    | Note
-------+----------+-------------------------------------------
     0 | D:1      | Banquo the Djinni Warper began the quest for the Orb.
     0 | D:1      | Reached XP level 1. HP: 18/18 MP: 0/0
   228 | D:1      | Reached skill level 2 in Long Blades
   228 | D:1      | Reached XP level 2. HP: 23/23 MP: 0/0
   547 | D:1      | Reached XP level 3. HP: 28/28 MP: 0/0
   547 | D:1      | Learned a level 1 spell: Sandblast
   855 | D:1      | Found Nuffed's General Store.
  1267 | D:2      | Found Mualurek's Book Shoppe.
  1542 | D:2      | Reached XP level 4. HP: 23/34 MP: 0/0
  1759 | D:2      | Reached skill level 3 in Long Blades
  2258 | D:3      | Reached XP level 5. HP: 34/39 MP: 0/0
  2258 | D:3      | Learned a level 2 spell: Call Imp
  2406 | D:3      | Found a faded altar of an unknown god.
  2436 | D:3      | Reached skill level 4 in Long Blades
  2667 | D:3      | Found a glowing drain.
  2681 | Sewer    | Entered a sewer
  3006 | D:3      | Reached XP level 6. HP: 41/46 MP: 0/0
  3478 | D:3      | Reached XP level 7. HP: 48/50 MP: 0/0
  3478 | D:3      | Learned a level 2 spell: Wereblood
  3546 | D:3      | Reached skill level 5 in Long Blades
  4420 | D:3      | Found a faded altar of an unknown god.
  4893 | D:4      | Noticed Ijyb
  4993 | D:4      | Noticed Duvessa
  4993 | D:4      | Noticed Dowan
  5016 | D:4      | Slain by Duvessa

Illustrated notes

Levels and vault maps discovered:
D:1:      lemuel_arrival_room, layout_basic, serial_shops, shop,
          chequers_serial_rivers_small_3, chequers_serial_rivers_large_b,
          minmay_pentomino_s4
D:2:      layout_basic, serial_shops, nicolae_shop_waterfront
D:3:      lemuel_castle_with_subvaults [lemuel_castle_interior_carwin_1],
          layout_basic, cheibrodos_sewer_entry_bend,
          dreamdust_ecumenical_altar_angels_and_demons
D:4:      layout_rooms, mainiacjoe_overflow_catwalk_spiral,
          grunt_decor_one_mirror, uniq_ijyb, uniq_duvessa

Skill      XL: |  1  2  3  4  5  6  7 |
---------------+----------------------+-----
Long Blades    | 2 3 4 5 |  5.7
Spellcasting   | 3 |  3.7
Fighting       | 3 4 |  4.0
Throwing       | |  0.7
Armour         | |  1.0
Dodging        | |  2.1

Action                   |  1- 3 |  4- 6 |  7- 9 || total
-------------------------+-------+-------+-------++-------
Melee: Falchion          |    95 |   158 |       ||   253
       Long sword        |       |    60 |   105 ||   165
 Cast: Sandblast         |       |    34 |     3 ||    37
       Call Imp          |       |       |    19 ||    19
       Wereblood         |       |       |     1 ||     1
 Stab: Distracted        |       |       |     1 ||     1
Armor: Leather armour    |    15 |    48 |    21 ||    84
Dodge: Dodged            |    70 |   147 |    80 ||   297
       Rpst.: Falchion   |    18 |    30 |       ||    48
       Long sword        |       |    15 |    14 ||    29
